 Dungeon Crawl Stone Soup version 0.27.0-1-g7a089689b8 (webtiles) character file.

Game seed: 5444301947643888801

181 robertstho the Skirmisher (level 5, -3/47 HPs)
             Began as a Draconian Berserker on Aug 6, 2021.
             Was a Believer of Trog.
             Killed by divine providence
             ... invoked by an orc priest
              (12 damage)
             ... on level 3 of the Dungeon.
             The game lasted 00:02:43 (2204 turns).

robertstho the Skirmisher (Draconian Berserker)     Turns: 2204, Time: 00:02:44

Health: -3/47      AC:  6    Str: 17 (20) XL:     5   Next: 34%
Magic:  5/5        EV: 12    Int:  5 (8)  God:    Trog [**....]
Gold:   82         SH:  0    Dex:  9 (10) Spells: 4/4 levels left

rFire    + . .     SeeInvis .   a - +0 hand axe
rCold    . . .     Faith    .   (no shield)
rNeg     . . .     Spirit   .   (armour unavailable)
rPois    .         Reflect  .   (helmet restricted)
rElec    .         Harm     .   h - +0 cloak
rCorr    .         Rampage  .   (no gloves)
Will     ++...                  (no boots)
Stlth    +.........             (no amulet)
HPRegen  1.15/turn              (no ring)
MPRegen  0.09/turn              (no ring)

@: strong-willed (expiring), unable to read, on berserk cooldown, regenerating
(expiring)
A: AC +5, unfitting armour, cold-blooded, stinger 1, fire resistance 1,
inability to read while threatened
a: Renounce Religion, Berserk, Trog's Hand


You were on level 3 of the Dungeon.
You worshipped Trog.
Trog was pleased with you.
You visited 1 branch of the dungeon, and saw 3 of its levels.

You collected 136 gold pieces.
You spent 54 gold pieces at shops.

Inventory:

Hand Weapons
 a - a +0 hand axe (weapon)
Armour
 h - a +0 cloak (worn)
Scrolls
 b - a scroll of teleportation {unknown}


   Skills:
 * Level 4.6 Fighting
 + Level 4.2 Axes
 * Level 3.9 Dodging


You had 4 spell levels left.
You didn't know any spells.
Your spell library was empty.

Dungeon Overview and Level Annotations

Branches:
Dungeon (3/15)

Altars:

Shops:
D:2 *


Innate Abilities, Weirdness & Mutations

Your plain brown scales are hard. (AC +5)
You cannot fit into any form of body armour.
You are cold-blooded and may be slowed by cold attacks.
Your tail ends in a poisonous barb.
Your flesh is heat resistant. (rF+)
You sometimes lose the ability to read scrolls when taking damage.


Message History

Beogh smites you!
You feel threatened and lose the ability to read scrolls!
The orc priest hits you but does no damage.
The orc priest looks braver for a moment.
The orc priest hits you but does no damage.
You can read scrolls again.
The orc priest hits you but does no damage. x2
You feel the effects of Trog's Hand fading.
The orc priest hits you but does no damage.
The orc priest looks encouraged for a moment.
The orc priest hits you but does no damage.
The orc priest hits you but does no damage.
Your transformation is almost over.
The orc priest completely misses you.
The orc priest mumbles some strange prayers to Beogh against you.
Beogh smites you!
You feel threatened and lose the ability to read scrolls!
* * * LOW HITPOINT WARNING * * *
Your skin stops crawling.
You feel less strong-willed.
The orc priest hits you from afar with a +0 trident.
* * * LOW HITPOINT WARNING * * *
The orc priest hits you from afar with a +0 trident!
* * * LOW HITPOINT WARNING * * *
The orc priest hits you but does no damage.
Your skin crawls.
You feel strong-willed.
The orc priest hits you but does no damage.
The orc priest hits you but does no damage. x2
The orc priest hits you from afar with a +0 trident.
* * * LOW HITPOINT WARNING * * *
You feel less wooden.
Your +0 cloak unmelds from your body.
The orc priest hits you from afar with a +0 trident.
* * * LOW HITPOINT WARNING * * *
The orc priest barely misses you.
You feel yourself speed up.
You feel the effects of Trog's Hand fading.
The orc priest calls down the wrath of Beogh upon you.
Beogh smites you!
You die...

##.#.... .......
... ###.#...#
...# .......#
...#
##.....##...#
.......#...#
#####..o.....#
.......@))...#.#
#######..†....#
.............##
####.)).....#
#)().......#
##)....#.#..
###.....##.# .
#.#####......##
. #......<....##
.


You could see an orc priest.

Vanquished Creatures
  Crazy Yiuf (D:2)
  2 orc wizards (D:3)
  5 adders (D:2)
  A dart slug (D:3)
  6 orcs (D:3)
  A bat (D:2)
  2 endoplasms (D:1)
  A giant cockroach (D:1)
  4 goblins
  8 hobgoblins
  4 jackals (D:2)
  6 kobolds
  2 quokkas (D:1)
  2 ball pythons (D:1)
  7 rats
52 creatures vanquished.

Vanquished Creatures (others)
  A plant (D:1)
1 creature vanquished.

Grand Total: 53 creatures vanquished

Notes
Turn   | Place    | Note
-------+----------+-------------------------------------------
     0 | D:1      | robertstho the Draconian Berserker began the quest for the
                  | Orb.
     0 | D:1      | Reached XP level 1. HP: 19/19 MP: 1/1
   283 | D:1      | Reached XP level 2. HP: 26/26 MP: 2/2
   811 | D:2      | Reached ** piety under Trog
   812 | D:2      | Reached XP level 3. HP: 33/33 MP: 3/3
   891 | D:2      | Found Ciymugoh's Assorted Antiques.
   899 | D:2      | Bought a sedimented dark potion for 27 gold pieces
   899 | D:2      | Bought a glowing emerald potion for 27 gold pieces
  1136 | D:2      | Found a faded altar of an unknown god.
  1209 | D:2      | Found a runed translucent door.
  1210 | D:2      | Noticed Crazy Yiuf
  1341 | D:2      | Reached XP level 4. HP: 40/40 MP: 4/4
  2049 | D:2      | Killed Crazy Yiuf
  2166 | D:3      | Reached XP level 5. HP: 47/47 MP: 5/5
  2177 | D:3      | Gained mutation: Your tail ends in a poisonous barb.
                  | [potion of mutation]
  2177 | D:3      | Gained mutation: You sometimes lose the ability to read
                  | scrolls when taking damage. [potion of mutation]
  2177 | D:3      | Gained mutation: Your flesh is heat resistant. (rF+)
                  | [potion of mutation]
  2204 | D:3      | Killed from afar by an orc priest

Illustrated notes

Levels and vault maps discovered:
D:1:      doesnt_arrival_eight_statues, layout_rooms, serial_forest,
          infiniplex_forest_lined_2, infiniplex_forest_clump_small,
          infiniplex_forest_clump_C, infiniplex_forest_lined_room_3,
          infiniplex_forest_corner_2, infiniplex_forest_corner_1,
          infiniplex_forest_straight_2
D:2:      layout_basic, serial_shops, shop_fountains,
          shapermc_ecumenical_altar_acropolis, uniq_crazy_yiuf_cottage
D:3:      layout_basic, amcnicky_mini_corridor_feature, minmay_parallelograms

Skill      XL: |  1  2  3  4 |
---------------+-------------+-----
Dodging        | 3 |  3.9
Fighting       | 4 |  4.6
Axes           | 4 |  4.2

Action                   |  1- 3 |  4- 6 || total
-------------------------+-------+-------++-------
Melee: Hand axe          |   107 |    55 ||   162
       Tailslap          |    13 |     3 ||    16
Invok: Berserk           |     2 |     2 ||     4
       Trog's Hand       |       |     3 ||     3
  Use: Potion            |       |     5 ||     5
Armor: Skin              |    26 |    87 ||   113
Dodge: Dodged            |    72 |    45 ||   117
